 Dungeon Crawl Stone Soup version 0.30-a0-778-g2ef04afb54 (webtiles) character file.

Game seed: 9205374552436669168

112 Ceno the Vexing (level 4, -12/32 HPs)
             Began as a Barachi Hexslinger on Feb 17, 2023.
             Killed by divine providence
             ... invoked by an orc priest
              (13 damage)
             ... on level 2 of the Dungeon.
             The game lasted 00:08:29 (3124 turns).

Ceno the Vexing (Barachi Hexslinger)                Turns: 3124, Time: 00:08:29

Health: -12/32     AC:  2    Str: 11    XL:     4   Next: 93%
Magic:  7/7        EV: 12    Int: 14    God:
Gold:   139        SH:  0    Dex: 14    Spells: 6/7 levels left

rFire   . . .      SeeInvis .    a - +1 sling
rCold   . . .      Faith    .    (no shield)
rNeg    . . .      Spirit   .    c - +0 robe
rPois   .          Reflect  .    (no helmet)
rElec   .          Harm     .    (no cloak)
rCorr   .          Rampage  .    (no gloves)
Will    .....                    (no boots)
Stlth   +                        (no amulet)
HPRegen 0.25/turn                (no ring)
MPRegen 0.10/turn                (no ring)

@: slow
A: amphibious, slowness 1, strong legs 1, +LOS
a: Hop


You were on level 2 of the Dungeon.
You visited 1 branch of the dungeon, and saw 4 of its levels.

You collected 139 gold pieces.

Inventory:

Hand Weapons
 a - a +1 sling (weapon)
Armour
 c - a +0 robe (worn)
Scrolls
 b - a scroll of poison
 d - a scroll of fear {unknown}
 e - a scroll of vulnerability {unknown}
 i - a scroll of summoning {unknown}
 j - a scroll of amnesia
 l - a scroll of noise {unknown}
 p - a scroll of teleportation {unknown}
 r - a scroll of enchant armour {unknown}
 s - a scroll of acquirement {unknown}
Potions
 f - 2 potions of resistance
 g - 2 potions of heal wounds
 h - 2 potions of ambrosia
 k - a potion of curing {unknown}
 m - a potion of attraction {unknown}
 n - a potion of brilliance {unknown}
 o - 2 potions of mutation {unknown}
 t - a potion of haste {unknown}
 u - a potion of might {unknown}
 v - a potion of magic {unknown}


   Skills:
 - Level 1.2 Fighting
 + Level 2.9 Ranged Weapons
 - Level 2.1 Dodging
 + Level 2.4 Spellcasting
 * Level 4.8 Hexes


You had 6 spell levels left.
You knew the following spells:

 Your Spells              Type           Power      Damage    Failure   Level
a - Slow                  Hex            60%        N/A       3%          1

Your spell library contained the following spells:

 Spells                   Type           Power      Damage    Failure   Level
 Confusing Touch          Hex            15%        N/A       10%         3
 Kiss of Death            Conj/Necr      4%         2d5       22%         1
 Necrotise                Necr           4%         1d4       22%         1
 Inner Flame              Hex/Fire       8%         N/A       26%         3
 Portal Projectile        Hex/Tloc       16%        N/A       26%         3
 Cause Fear               Hex            7%         N/A       30%         4
 Vampiric Draining        Necr           1%         2d6       56%         3
 Dispel Undead            Necr           1%         3d6       92%         4
 Agony                    Necr           1%         N/A       99%         5


Dungeon Overview and Level Annotations

Branches:
Dungeon (4/15)
 Temple: D:4-7

Altars:

Annotations:
D:3 1 runed translucent door, Crazy Yiuf


Innate Abilities, Weirdness & Mutations

You are amphibious.
You cover ground slowly.
You can hop short distances.
You have an extended range of vision and can be seen from far away.


Message History

The orc priest is severely wounded.
The orc priest misses you.
You shoot a sling bullet.
The sling bullet hits the orc priest but does no damage.
The orc priest is severely wounded.
The orc priest hits you with a +0 short sword.
You shoot a sling bullet.
The sling bullet closely misses the orc priest.
The orc priest misses you.
The orc priest hits you with a +0 short sword.
You shoot a sling bullet.
The sling bullet barely misses the orc priest.
The orc priest hits you with a +0 short sword.
You shoot a sling bullet.
The sling bullet barely misses the orc priest.
The orc priest misses you.
You shoot a sling bullet.
The sling bullet closely misses the orc priest.
The orc priest hits you with a +0 short sword. x2
You shoot a sling bullet.
The sling bullet hits the orc priest but does no damage.
The orc priest is heavily wounded.
The orc priest misses you.
You shoot a sling bullet.
The sling bullet hits the orc priest but does no damage.
The orc priest is heavily wounded.
The orc priest mumbles some strange prayers to Beogh against you.
Pain shoots through your body!
* * * LOW HITPOINT WARNING * * *
You shoot a sling bullet. The sling bullet hits the orc priest.
The orc priest is severely wounded.
The orc priest barely misses you.
You shoot a sling bullet.
The sling bullet hits the orc priest but does no damage.
The orc priest is severely wounded.
The orc priest hits you with a +0 short sword.
* * * LOW HITPOINT WARNING * * *
The orc priest calls down the wrath of Beogh upon you.
Beogh smites you!
You die...

#.#########.##.#.#.#
#.#.........##.#.#.######### #
#.#.##########.#.#.........# #
#.#.#########........#####.# #
#..............#[.##.# #.# #
#...########...##.##.# #.#
###...# #...##.##.# #.#
......########...##.##.# #.#
................@.#.##.## #.#
####..########..o..#....####.#
#..# #....##.###.....#### #..#
#####...###.# #.........
####..####....<..[##.###..#######
#...............>..#....#.#
#.#...........().......##.#
#.#.#.####.####..##.#####.#
#.#.#.# #...o...(...# #.#


You could see an orc priest.

Vanquished Creatures
  An orc priest (D:2)
  An adder (D:3)
  A dart slug (D:4)
  6 orcs
  4 ball pythons
  6 endoplasms
  A giant cockroach (D:3)
  7 goblins
  8 hobgoblins
  6 jackals
  A quokka (D:3)
  6 bats
  5 frilled lizards
  A kobold (D:1)
  6 rats
60 creatures vanquished.

Notes
Turn   | Place    | Note
-------+----------+-------------------------------------------
     0 | D:1      | Ceno the Barachi Hexslinger began the quest for the Orb.
     0 | D:1      | Reached XP level 1. HP: 15/15 MP: 2/2
    65 | D:1      | Reached XP level 2. HP: 9/21 MP: 2/4
   742 | D:1      | Reached skill level 4 in Hexes
   742 | D:1      | Reached XP level 3. HP: 26/26 MP: 3/5
  1965 | D:2      | Reached XP level 4. HP: 30/32 MP: 7/7
  2309 | D:3      | Found a runed translucent door.
  2310 | D:3      | Noticed Crazy Yiuf
  2981 | D:2      | HP: 1/32 [orc priest/nerve-wracking pain (10)]
  3122 | D:2      | HP: 1/32 [orc priest/nerve-wracking pain (10)]
  3124 | D:2      | Killed from afar by an orc priest

Illustrated notes

Levels and vault maps discovered:
D:1:      dpeg_arrival_three_same_balls, layout_basic, minmay_pentomino_z2
D:2:      layout_loops_ring, nicolae_concentric_dashed_squares_mild
D:3:      layout_rooms, uniq_crazy_yiuf_cottage
D:4:      layout_basic, grunt_temple_overflow_open, minmay_box_of_dots

Skill      XL: |  1  2  3 |
---------------+----------+-----
Hexes          | 4 |  4.8
Spellcasting   | 2 |  2.4
Fighting       | |  1.2
Ranged Weapons | |  2.9
Dodging        | |  2.1

Action                     |  1- 3 |  4- 6 || total
---------------------------+-------+-------++-------
  Melee: Sling             |       |     1 ||     1
   Fire: Sling             |   108 |   115 ||   223
  Throw: Throwing net      |       |     1 ||     1
   Cast: Slow              |    14 |     9 ||    23
Ability: Hop               |     5 |     6 ||    11
    Use: Scroll            |     3 |     1 ||     4
 Armour: Robe              |    10 |     5 ||    15
  Dodge: Dodged            |    37 |    54 ||    91

Table legend: (Time is in decaauts)
 A = Elapsed time spent in this place.
 B = Non-inter-level travel time spent in this place.
 C = Inter-level travel time spent in this place.
 D = Time resting spent in this place.
 E = Time spent auto-exploring this place.
 F = Levels seen in this place.
 G = Mean time per level.
                   A        B        C        D        E       F      G
               +--------+--------+--------+--------+--------+-----+--------+
         Total |   3640 |   3411 |    229 |    447 |   2100 |   4 |  910.0 |
       Dungeon |   3640 |   3411 |    229 |    447 |   2100 |   4 |  910.0 |
               +--------+--------+--------+--------+--------+-----+--------+

Top non-repeatable levels by time:
     D:1: 1507 daAuts
     D:2: 1075 daAuts
     D:3: 967 daAuts
     D:4: 90 daAuts
